 Dungeon Sprint DCSS version 0.20-a0-550-gf70bbbc (webtiles) character file.

431 Krakonus1 the Protected (level 6, -9/51 HPs)
             Began as a Minotaur Fighter on Feb 2, 2017.
             Was an Initiate of Trog.
             Mangled by Sonja
             ... wielding a +2 dagger of distortion
              (18 damage)
             ... in the Dungeon (Sprint I: "Red Sonja").
             The game lasted 00:06:08 (325 turns).

Krakonus1 the Protected (Minotaur Fighter)           Turns: 325, Time: 00:06:08

Health: -9/51      AC:  9    Str: 23    XL:     6   Next: 66%
Magic:  5/5        EV: 12    Int:  5    God:    Trog [......]
Gold:   225        SH: 12    Dex:  9    Spells: 5/5 levels left

rFire    . . .     SeeInvis .   a - +0 trident
rCold    . . .     Gourm    .   b - +0 scale mail
rNeg     . . .     Faith    .   c - +0 shield
rPois    .         Spirit   .   (helmet restricted)
rElec    .         Reflect  .   (no cloak)
rCorr    .         Harm     .   (no gloves)
MR       .....     NoTele   +   (no boots)
Stlth    ..........             (no amulet)
Regen    0.2/turn               (no ring)
                                (no ring)

@: very slightly contaminated, hasted and slowed
A: retaliatory headbutt, horns 2
a: Burn Spellbooks, Renounce Religion


You were in the Dungeon.
You worshipped Trog.
Trog was noncommittal.
You were not hungry.

You visited 1 branch You collected 297 gold pieces.
You spent 72 gold pieces at shops.

Inventory:

Hand Weapons
 a - a +0 trident (weapon)
 d - a +0 dagger
 j - a +0 hunting sling
Armour
 b - a +0 scale mail (worn)
 c - a +0 shield (worn)
 l - a +0 leather armour
Scrolls
 k - a scroll of blinking
Potions
 i - 2 potions of magic
Comestibles
 f - a bread ration
 m - 3 chunks of flesh
 n - 3 royal jellies


   Skills:
 - Level 3.6 Fighting
 - Level 2.4 Polearms
 * Level 11.5 Armour
 * Level 6.0 Dodging
 * Level 11.5 Shields


You had 5 spell levels left.
You didn't know any spells.

Dungeon Overview and Level Annotations

Branches:
Dungeon (1/1)

Altars:
Cheibriados
Dithmenos
Elyvilon
Fedhas
Gozag
Hepliaklqana
Kikubaaqudgha
Nemelex Xobeh
Okawaru
Qazlal
Ru
Sif Muna
Trog
Uskayaw
Vehumet
Yredelemnul
Zin
The Shining One

Shops:
D %

Annotations:
D Sonja


Innate Abilities, Weirdness & Mutations

You reflexively headbutt those who attack you in melee.
You have a pair of horns on your head.


Message History

Sonja hits you with an uncursed dagger of distortion.
Space bends around you. Sonja hits you but does no damage.
Space bends around you. You block Sonja's attack.
Sonja hits you with an uncursed dagger of distortion.
Space warps horribly around you!
* * * LOW HITPOINT WARNING * * *
Sonja hits you but does no damage.
You feel a strange sense of stasis.
You are very lightly contaminated with residual magic.
You feel much better. Sonja closely misses you. You furiously retaliate!
You headbutt Sonja! You block Sonja's attack. x2
You completely miss Sonja.
Sonja is moderately wounded.
You block Sonja's attack. Sonja hits you but does no damage.
Space warps horribly around you!
Sonja hits you with an uncursed dagger of distortion.
* * * LOW HITPOINT WARNING * * *
Sonja hits you with an uncursed dagger of distortion.
* * * LOW HITPOINT WARNING * * *
Space warps horribly around you!
You die...

################
#<.#..)..#..'..#
#..'..#..').#..+
#..#####'#####'#
#..####..#...#.#
#..#__####..##.#
#..#_____##'#..+
#⌠⌠#_.∩...'.@._#
####_..__##_K#+#
#_____###'#
####### #.# $.$
$.$ ##.## #+#


You could see Sonja.

Vanquished Creatures
  Sigmund (D)
  A yak (D)
  An ogre (D)
  A jelly (D)
  Ijyb (D)
5 creatures vanquished.

Vanquished Creatures (others)
  A gargoyle (D)
1 creature vanquished.

Grand Total: 6 creatures vanquished

Notes
Turn   | Place    | Note
-------+----------+-------------------------------------------
     0 | D        | Krakonus1 the Minotaur Fighter began the quest for the Orb.
     0 | D        | Reached XP level 1. HP: 19/19 MP: 0/0
     1 | D        | Noticed Ijyb
    39 | D        | Killed Ijyb
    39 | D        | Reached skill level 5 in Armour
    39 | D        | Reached skill level 5 in Shields
    39 | D        | Reached XP level 2. HP: 26/26 MP: 1/1
    44 | D        | Noticed an ogre
    47 | D        | Killed an ogre
    47 | D        | Reached XP level 3. HP: 17/31 MP: 2/2
    47 | D        | Reached XP level 4. HP: 21/39 MP: 3/3
   190 | D        | Noticed Sigmund
   193 | D        | Killed Sigmund
   193 | D        | Reached skill level 10 in Armour
   193 | D        | Reached skill level 5 in Dodging
   193 | D        | Reached skill level 10 in Shields
   193 | D        | Reached XP level 5. HP: 45/45 MP: 4/4
   213 | D        | Killed a gargoyle
   242 | D        | Found a deep blue altar of Sif Muna.
   244 | D        | Found a radiant altar of Vehumet.
   247 | D        | Reached XP level 6. HP: 44/51 MP: 5/5
   282 | D        | Found Utuem's Food Emporium.
   282 | D        | Found an ancient bone altar of Kikubaaqudgha.
   282 | D        | Found a hazy altar of Hepliaklqana.
   282 | D        | Found a stormy altar of Qazlal.
   282 | D        | Found a hide-covered altar of Uskayaw.
   282 | D        | Found a blossoming altar of Fedhas.
   282 | D        | Found a bloodstained altar of Trog.
   282 | D        | Found an iron altar of Okawaru.
   282 | D        | Found a basalt altar of Yredelemnul.
   282 | D        | Found a glowing golden altar of the Shining One.
   282 | D        | Found a snail-covered altar of Cheibriados.
   282 | D        | Found a sacrificial altar of Ru.
   282 | D        | Found a glowing silver altar of Zin.
   282 | D        | Found a shadowy altar of Dithmenos.
   282 | D        | Found a white marble altar of Elyvilon.
   282 | D        | Noticed a yak
   289 | D        | Killed a yak
   290 | D        | Found an opulent altar of Gozag.
   293 | D        | Found a sparkling altar of Nemelex Xobeh.
   309 | D        | Became a worshipper of Trog the Wrathful
   312 | D        | Bought a royal jelly for 24 gold pieces
   312 | D        | Bought a royal jelly for 24 gold pieces
   312 | D        | Bought a royal jelly for 24 gold pieces
   318 | D        | Noticed Sonja
   325 | D        | Mangled by Sonja

Vault maps used:
D:        dungeon_sprint_1

Skill      XL: |  1  2  3  4  5  6 |
---------------+-------------------+-----
Armour         | 5 7 10 11 | 11.5
Dodging        | 2 3 5 6 |  6.0
Shields        | 5 8 10 11 | 11.5
Fighting       | |  3.6
Polearms       | |  2.4

Action                   |  1- 3 |  4- 6 || total
-------------------------+-------+-------++-------
Melee: Trident           |    15 |    14 ||    29
       Headbutt          |     3 |     5 ||     8
  Use: Potion            |     1 |     4 ||     5
Armor: Scale mail        |     8 |     4 ||    12
Dodge: Dodged            |     1 |     6 ||     7
Block: Shield            |     6 |    10 ||    16
